 Dungeon Crawl Stone Soup version 0.19.0-19-g8c6edcc (webtiles) character file.

18 HungrySpirit the Magician (level 2, 0/19 HPs)
             Began as a Mummy Wanderer on Nov 12, 2016.
             Slain by a jackal (1 damage)
             ... on level 1 of the Dungeon.
             The game lasted 00:02:15 (890 turns).

HungrySpirit the Magician (Mummy Wanderer)           Turns: 890, Time: 00:02:16

Health: 0/19       AC:  2    Str: 17    XL:     2   Next: 51%
Magic:  0/6        EV: 11    Int: 11    God:
Gold:   46         SH:  0    Dex:  9    Spells: 1 memorised, 6 levels left

rFire  x . .     SeeInvis .     h - +0 short sword
rCold  + . .     Gourm    .     d - +0 robe
rNeg   + + +     Faith    .     (no shield)
rPois  ∞         Spirit   .     (no helmet)
rElec  .         Reflect  .     (no cloak)
rCorr  .         Harm     .     (no gloves)
MR     .....                    (no boots)
Stlth  ++........               (no amulet)
                                (no ring)
                                (no ring)

@: no status effects
A: no food or potions, fire vulnerability, cold resistance 1, negative energy
resistance 3, torment resistance, unbreathing
a: no special abilities


You were on level 1 of the Dungeon.
You were not hungry.

You visited 1 branch of the dungeon, and saw 1 of its levels.

You collected 46 gold pieces.

Inventory:

Hand Weapons
 h - a +0 short sword (weapon)
Armour
 d - a +0 robe (worn)
Scrolls
 g - a scroll of identify {unknown}
Books
 a - a book of Conjurations

   Spells                             Type                      Level
   a - Magic Dart                     Conjuration                  1
   b - Searing Ray                    Conjuration                  2
   c - Dazzling Spray                 Conjuration/Hexes            3
   d - Fulminant Prism                Conjuration/Hexes            4
   e - Iskenderun's Mystic Blast      Conjuration                  4
   f - Iskenderun's Battlesphere      Conjuration/Charms           5
 b - Facitwot's Compendium of Sinister Secrets

   Spells                             Type                      Level
   a - Pain                           Necromancy                   1
   b - Vampiric Draining              Necromancy                   3
 c - the Grimoire of Ethics

   Spells                             Type                      Level
   a - Confusing Touch                Hexes                        1
   b - Tukima's Dance                 Hexes                        3


   Skills:
 - Level 1.5 Stealth
 - Level 3.3 Spellcasting
 * Level 1.7 Conjurations
   Level 1.7 Hexes
   Level 1.0 Charms
   Level 1.0 Necromancy


You had 6 spell levels left.
You knew the following spells:

 Your Spells              Type           Power        Failure   Level  Hunger
a - Magic Dart            Conj           #...         14%         1    N/A

Dungeon Overview and Level Annotations

Branches:
Dungeon (1/15)

Altars:


Innate Abilities, Weirdness & Mutations

You do not eat or drink.
Your flesh is vulnerable to fire.
You are immune to poison.
Your flesh is cold resistant. (rC+)
You are immune to negative energy. (rN+++)
You are immune to unholy pain and torment.
You can survive without breathing.


Message History

You barely miss the jackal.
The jackal is moderately wounded.
The jackal barely misses you.
You closely miss the jackal.
The jackal is moderately wounded.
The jackal misses you. The jackal bites you.
* * * LOW HITPOINT WARNING * * *
The jackal barks!
You hit the jackal but do no damage.
The jackal is moderately wounded.
The jackal bites you but does no damage.
Casting: Magic Dart
Confirm with . or Enter, or press ? or * to list all spells.
Aiming: Magic Dart
Press: ? - help, Shift-Dir - straight line, f/p - jackal
Aim: a jackal (moderately wounded)
The magic dart hits the jackal.
The jackal is moderately wounded.
The jackal barely misses you. The jackal bites you.
You die...

..............†(.(...).....#
#########################.##
#....)....####.#
#.######.....#.#
#.###........#.#
#...(........#.#
#####!#.#'####.# ..# #.#.#.#
#.# ## #.# #@#.#.####.# #
#.###.###h#.#....#.# #
...#.....#.#h#.####!#.#######
.
.........h...................
#
.........#.###.####!#.#######
. ♣♣♣♣..##.#.###.# #(#.# #
♣..♣ #.#.....# #.#.# ♣ ...
#.####### #.#.# ♣. #.# #.#.#


You could see 2 jackals.

Vanquished Creatures
  A leopard gecko (D:1)
  3 bats (D:1)
  4 giant cockroaches (D:1)
  2 jackals (D:1)
  2 kobolds (D:1)
  A goblin (D:1)
  4 rats (D:1)
17 creatures vanquished.

Notes
Turn   | Place    | Note
-------+----------+-------------------------------------------
     0 | D:1      | HungrySpirit the Mummy Wanderer began the quest for the Orb.
     0 | D:1      | HungrySpirit set off with: a book of Conjurations, Facitwot's Compendium of Sinister Secrets, the Grimoire of Ethics, a +0 robe, a +0 club, a +0 dagger
     0 | D:1      | Reached XP level 1. HP: 13/13 MP: 4/4
     0 | D:1      | Identified Facitwot's Compendium of Sinister Secrets
     0 | D:1      | Identified the Grimoire of Ethics
     2 | D:1      | Learned a level 1 spell: Magic Dart
   274 | D:1      | Reached XP level 2. HP: 11/19 MP: 6/6
   890 | D:1      | Slain by a jackal

Action                   || total
-------------------------++-------
Melee: Club              ||    40
       Short sword       ||    34
 Cast: Magic Dart        ||    16
Armor: Robe              ||    27
Dodge: Dodged            ||    65
